[Event "BL 2024-25"]
[Site "Austria"]
[Date "2024.10.11"]
[Round "3.1"]
[White "Kadric, Denis"]
[Black "Krivoborodov, Egor"]
[Result "1/2-1/2"]
[Annotator "TA"]
[ECO "B27"]
[WhiteElo "2558"]
[BlackElo "2555"]
[PlyCount "64"]
[EventDate "2024.08.28"]
[EventType "team-tourn"]
[EventCountry "AUT"]
[SourceTitle "playchess.com"]
[Source "ChessBase"]
[SourceQuality "1"]
[WhiteTeam "Pinggau-Friedberg"]
[BlackTeam "Frauental"]
[TimeControl "40/5400+30:1800+30"]

1. e4 c5 2. Nf3 g6 3. c3 d5 4. e5 a6 5. d4 Nc6 6. h3 Bg7 7. g3 Be6 8. Bg2 {[%emt 0:01:12] White is slightly better.} Qd7 9. Be3 f6 10. exf6 Nxf6 11. dxc5 Bf7 12. O-O e5 {[%emt 0:01:24] Dodges Bd4} 13. Nbd2 h6 14. b4 Be6 15. a4 {[%emt 0:20:45] [#] Strongly threatening b5.} Bxh3 ({Better is} 15... e4) 16. b5 $36 {[%emt 0:00:03][%mdl 2048] White is in control.} Bxg2 17. Kxg2 e4 18. bxc6 exf3+ 19. Nxf3 bxc6 20. Qd3 {[%emt 0:00:05] White is more active.} (20. Nh4 $142) 20... Ne4 21. Nd2 (21. Nh4 {is more complex.} Qg4 22. Bf4 O-O 23. f3) 21... Qe6 (21... Qf5 $14) 22. Bd4 O-O {[%emt 0:00:58] [#]} 23. Rae1 $1 {[%emt 0:02:12] And now Bxg7 would win.} Bxd4 24. cxd4 (24. Qxd4 $16 {f3 would now be deadly.} Qf7 (24... Rae8 $2 25. f3 $18) 25. Nxe4 dxe4 26. Rxe4) 24... Rxf2+ $14 25. Rxf2 Qh3+ $1 26. Kxh3 (26. Kg1 {seems wilder.} Qh1+ 27. Kxh1 Nxf2+ 28. Kg1) 26... Nxf2+ {[%emt 0:00:02] The position is equal.} 27. Kg2 Nxd3 28. Re6 Kf7 29. Rxc6 Re8 {[%emt 0:00:05] ...Re2+ is the strong threat.} 30. Nf3 ({Much worse is} 30. Rxa6 Re2+ 31. Kf3 Rxd2 $17) 30... Re2+ 31. Kg1 Re3 32. Kg2 Re2+ {[%emt 0:00:07] Blacks defense is rewarded with a draw.   Weighted Error Value: White=0.11 (very precise) /Black=0.09 (flawless) .  Mistake:       	White=2     	Black=2      Inaccurate:     	White=2     	Black=1      OK:         	White=9     	Black=13     Best:        	White=2     	Black=3      Strong:       	White=1     	Black=1} 1/2-1/2

[Event "BL 2024-25"]
[Site "Austria"]
[Date "2024.10.11"]
[Round "3.2"]
[White "Schnider, Gert"]
[Black "Petrov, Nikita"]
[Result "0-1"]
[Annotator "TA"]
[ECO "B45"]
[WhiteElo "2362"]
[BlackElo "2589"]
[PlyCount "102"]
[EventDate "2024.08.28"]
[EventType "team-tourn"]
[EventCountry "AUT"]
[SourceTitle "playchess.com"]
[Source "ChessBase"]
[SourceQuality "1"]
[WhiteTeam "Frauental"]
[BlackTeam "Pinggau-Friedberg"]
[TimeControl "40/5400+30:1800+30"]

1. e4 c5 2. Nf3 Nc6 3. d4 cxd4 4. Nxd4 e6 5. Nc3 Nf6 6. Ndb5 Bb4 7. Bf4 O-O 8. Bc7 {[%emt 0:00:05] 8.Bc7 is better than 8.Bd6. B45: Sicilian Four Knights.} Qe7 9. Bd6 Bxd6 10. Qxd6 Qd8 11. O-O-O a6 12. Nd4 Ne7 13. h4 Ne8 14. Qh2 b5 15. h5 h6 16. g4 b4 17. Nce2 $146 ({Predecessor:} 17. Na4 Qa5 18. b3 Bb7 19. f3 Rc8 20. Kb1 Qc7 21. Qxc7 Rxc7 22. Nb6 Nf6 23. Rh2 {1-0 Fressinet,L (2652)-Dreev,A (2606) Julius Baer Rapid Div 2 W 2023 (1.2)}) 17... Qc7 18. Qh4 ({Better is} 18. e5) 18... f6 (18... d6 $5) 19. Kb1 (19. Qg3 $11) 19... Bb7 $17 20. f3 Rc8 21. Rd2 Nd6 22. Nc1 Qb6 (22... Nf7 $17 {Hoping for ...e5.} 23. Bg2 e5) 23. Qh2 ({White should play} 23. Ndb3 $1 $11) 23... Nf7 24. Qf2 Kh8 25. Bd3 (25. Ndb3 $11 Qxf2 26. Rxf2) 25... Ne5 (25... Ng5 $17) 26. Rg1 d5 27. exd5 (27. Ndb3 $15 Qxf2 28. Rxf2) 27... Nxd5 $17 28. f4 Nc3+ 29. Ka1 $1 (29. bxc3 $2 {too greedy.} bxc3+ 30. Ncb3 (30. Ndb3 $2 Qd6 $19) 30... cxd2 31. fxe5 fxe5 32. Qxd2 exd4 $19) 29... Nxd3 30. cxd3 Nd5 31. Ndb3 Qc7 32. f5 e5 33. Kb1 (33. d4 $17 {keeps fighting.}) 33... a5 34. Qa7 $2 (34. Rc2 $17 Qd6 (34... Qxc2+ $2 35. Qxc2 Rxc2 36. Kxc2 $19) 35. Rxc8 Rxc8 36. Nxa5) 34... a4 $19 35. Qxa4 Qb6 36. Re1 Ra8 37. Qd7 Rad8 $2 (37... Rfe8 $19 {is more deadly.} 38. d4 Re7 39. Qxe7 Nxe7 40. dxe5 fxe5) 38. Qa4 $17 Ra8 $2 (38... Ne7 $17 39. d4 Nc6) 39. Qd7 $19 Rfd8 40. Qf7 (40. Qe6 {was forced.} Qa7 41. Rh2) 40... Bc8 41. Rc2 Ra7 42. Qxd5 Rxd5 43. Rxc8+ Rd8 44. Rc4 Rc7 45. Ree4 Rdc8 46. Rxc7 (46. Nd2 $142) 46... Rxc7 $19 47. Nd2 Qg1 48. Ndb3 Qd1 49. a3 bxa3 50. bxa3 Rc3 51. Kb2 Qc2+ 0-1

[Event "BL 2024-25"]
[Site "Austria"]
[Date "2024.10.11"]
[Round "3.3"]
[White "Fahrner, Kurt"]
[Black "Erdos, Viktor"]
[Result "0-1"]
[Annotator "TA"]
[ECO "A53"]
[WhiteElo "2314"]
[BlackElo "2538"]
[PlyCount "70"]
[EventDate "2024.08.28"]
[EventType "team-tourn"]
[EventCountry "AUT"]
[SourceTitle "playchess.com"]
[Source "ChessBase"]
[SourceQuality "1"]
[WhiteTeam "Frauental"]
[BlackTeam "Pinggau-Friedberg"]
[TimeControl "40/5400+30:1800+30"]

1. d4 d6 2. Nf3 Nf6 3. c4 Bf5 4. Qb3 Qc8 5. Nc3 Na6 6. Bg5 Ne4 7. Nxe4 Bxe4 8. Nd2 {[%emt 0:00:20] White is slightly better.} Bc6 9. Qc3 Qf5 10. Bh4 g5 11. d5 gxh4 12. dxc6 Rg8 13. g4 Qc5 (13... Qc8 $14) 14. cxb7 $16 Rb8 15. Bg2 {[%emt 0:00:08] Against Qc6} Rxg4 16. Qf3 Rg6 17. Nb3 Qb4+ 18. Kf1 $1 {[%emt 0:00:06] Qc6+ is the strong threat.} Qb6 19. Qc6+ $40 {[%emt 0:00:46][%mdl 128] White attacks with force.} Kd8 20. Qxb6 axb6 {[%emt 0:00:58] Black is weak on the light squares} (20... cxb6 $16 21. Nd4 Kc7 22. Nb5+ Kd7 23. Nxa7 Bg7) 21. Nd4 $1 $18 Nb4 22. a3 (22. Nc6+ $1 $18 Nxc6 23. Bxc6) 22... c5 $16 23. Nb5 Nc2 24. Rd1 {[%emt 0:00:25] And now e3 would win.} Rf6 25. Bf3 Bg7 26. Rg1 $1 Rg6 {[%emt 0:00:05] [#]} 27. Rxg6 (27. e3 $1 $18 {aiming for Rc1.} Rxg1+ 28. Kxg1) 27... hxg6 {[%emt 0:00:06] [#]} 28. e3 $1 {[%emt 0:00:03] Against Nd4. Strongly threatening Rb1.} Bxb2 29. Rd2 Nxa3 30. Rxb2 Nxc4 31. Ra2 Na5 32. Ke2 ({White should try} 32. Ra4 $16) 32... Kd7 $14 33. Nc3 (33. Bd5 e6 34. Bg2 f5 $11) (33. Ra4 $14) 33... e6 $1 $11 34. Rb2 Nc4 (34... d5 35. Rxb6 Rxb7 36. Rxb7+ Nxb7 37. e4) 35. Ra2 Na5 {[%emt 0:00:00][%mdl 32768] Weighted Error Value: White=0.21 (precise) /Black=0.24 (precise) .  Mistake:       	White=4     	Black=2      Inaccurate:     	White=5     	Black=4      OK:         	White=11    	Black=9      Best:        	White=1     	Black=4      Strong:       	White=4     	Black=1     . Loss on time!?} 0-1

[Event "BL 2024-25"]
[Site "Austria"]
[Date "2024.10.11"]
[Round "3.4"]
[White "Krebs, Johann"]
[Black "Sankalp Gupta"]
[Result "1/2-1/2"]
[Annotator "TA"]
[ECO "E32"]
[WhiteElo "2217"]
[BlackElo "2534"]
[PlyCount "99"]
[EventDate "2024.08.28"]
[EventType "team-tourn"]
[EventCountry "AUT"]
[SourceTitle "playchess.com"]
[Source "ChessBase"]
[SourceQuality "1"]
[WhiteTeam "Frauental"]
[BlackTeam "Pinggau-Friedberg"]
[TimeControl "40/5400+30:1800+30"]

1. d4 Nf6 2. c4 e6 3. Nc3 Bb4 4. Qc2 O-O 5. Nf3 d6 6. e3 b6 7. Be2 Bb7 8. O-O Nbd7 9. a3 Bxc3 10. Qxc3 Ne4 11. Qc2 f5 12. b4 Rf6 13. d5 exd5 (13... c5 $11 {remains equal.}) 14. Bb2 $16 Rg6 15. cxd5 $1 {[%emt 0:00:28] White is slightly better.} Bxd5 16. Bc4 Bxc4 17. Qxc4+ Kh8 18. Qf7 {[%emt 0:01:35][%cal Oa1c1][%mdl 1024] White has compensation.} Nef6 19. Qe6 Qc8 (19... Ne4 $14 20. Qxf5 Qe7) 20. Nh4 Rg5 21. f4 {[%emt 0:04:24] White has more active pieces.} (21. Nxf5 $5 Qb7 22. Ng3 $14) 21... Rh5 22. Nxf5 {[%emt 0:04:08] Threatens to win with Rac1.} Qf8 $2 {[%emt 0:00:09] [#] Black is weak on the dark squares} ({Better is} 22... Qg8 $1 $14 23. Qxg8+ Kxg8) 23. g4 $1 $18 Re8 {[%emt 0:10:21] [#]} (23... Rxf5 24. Qxf5) 24. Qxd7 Nxd7 25. Bxg7+ (25. gxh5 $2 {is the wrong capture.} Qxf5 26. h6 Qg6+ (26... Rxe3 $2 27. Rf2 $19) 27. Kh1 Qxh6 $19 (27... Rxe3 $2 28. hxg7+ Kg8 29. f5 $19) (27... Qe4+ $2 28. Kg1 $19)) 25... Qxg7 26. Nxg7 Kxg7 27. gxh5 Rxe3 $2 (27... Nf6 28. Rac1 c5 29. bxc5 dxc5) 28. Rae1 Rxe1 29. Rxe1 {[%emt 0:00:04][%mdl 4096] Endgame. KR-KN} Kf7 {[%emt 0:00:03] Against Re7+} 30. b5 Nc5 31. Kg2 a6 (31... Ne6 $142 32. f5 Nc5) 32. bxa6 Nxa6 33. Kf3 Nc5 34. Rg1 Kf6 35. h6 Ne6 {[%emt 0:00:01] Against Rg7} 36. Rg8 d5 {[%emt 0:00:02] [#]} 37. f5 $1 Kxf5 {[%emt 0:00:34] [#]} 38. Rg7 $1 Kf6 39. Rd7 (39. Rxh7 $2 {loses.} Ng5+ 40. Kg4 Nxh7 $19) 39... Kg6 40. Kg4 Kxh6 41. Kf5 Nd4+ 42. Ke5 Nb5 43. Rxd5 Nxa3 44. Kf6 {[%emt 0:00:20] White threatens Rd3 and mate.} Nc2 45. Rd2 (45. Rd3 $142 Kh5 46. Rc3) 45... Ne1 46. Rd4 (46. Re2 $18 Nf3 47. Re3) 46... Kh5 $16 47. Rd7 h6 48. Kf5 ({White should try} 48. Rxc7 $16 {Kf5 is the strong threat.} Kg4 49. Rc3) 48... c5 49. Rb7 Nf3 50. Ke4 {[%emt 0:05:18] Weighted Error Value: White=0.27 (precise) /Black=0.30.  Loses game:     	---       	Black=1      Mistake:       	White=3     	Black=4      Inaccurate:     	White=3     	---        OK:         	White=9     	Black=10     Best:        	White=4     	Black=3      Strong:       	White=1     	---        Brilliant:      	White=1     	---} 1/2-1/2

[Event "BL 2024-25"]
[Site "Austria"]
[Date "2024.10.11"]
[Round "3.5"]
[White "Ivanisevic, Ivan"]
[Black "Ebner, Hubert"]
[Result "1-0"]
[Annotator "TA"]
[ECO "E70"]
[WhiteElo "2519"]
[BlackElo "2182"]
[PlyCount "101"]
[EventDate "2024.08.28"]
[EventType "team-tourn"]
[EventCountry "AUT"]
[SourceTitle "playchess.com"]
[Source "ChessBase"]
[SourceQuality "1"]
[WhiteTeam "Pinggau-Friedberg"]
[BlackTeam "Frauental"]
[TimeControl "40/5400+30:1800+30"]

1. d4 Nf6 2. c4 g6 3. Nc3 Bg7 4. e4 d6 5. Bd3 O-O 6. Nge2 c5 7. d5 e6 8. Bg5 h6 9. Bh4 exd5 10. exd5 Nbd7 {[%emt 0:04:28][%cal Bb8d7,Bd7e5,Be5d3][%mdl 32] The position is equal.} 11. f4 {[%emt 0:00:09][%cal Bf2f4,Bf4g5][%mdl 32] Against Ne5} g5 12. fxg5 Ng4 13. Qd2 {[%emt 0:00:57][%cal Od3h7] [#] Dodges Ne3. Bh7+! is the strong threat.} Bd4 $2 (13... Nde5 $11 {and Black is okay.}) 14. Nxd4 $18 (14. gxh6 $2 Qxh4+ 15. g3 Qe7 (15... Qxh6 $2 16. Nxd4 cxd4 17. Qxh6 $19) 16. h7+ Kh8 $19) 14... cxd4 15. Ne2 {[%emt 0:00:22][%cal Oe1g1,Bc3e2,Be2d4,Bd4e6][%mdl 32] Hoping for 0-0! Active counter play!} (15. gxh6 $2 Qxh4+ 16. g3 dxc3 $19 (16... Qxh6 $2 17. Qxh6 Nxh6 18. Nb5 $19)) 15... Nde5 16. O-O {[%emt 0:00:27][%cal Of1f6] Threatens to win with Rf6!} (16. gxh6 $2 Qxh4+ 17. g3 Nf3+ (17... Qxh6 $2 18. Qxh6 Nxh6 19. O-O-O $19) 18. Kd1 Nf2+ (18... Qxh6 $2 19. Qxh6 Nxh6 20. Rf1 $19) 19. Kc2 Qg4 $19) (16. Nxd4 Nxd3+ 17. Qxd3 hxg5 $11) 16... Nxd3 17. Qxd3 hxg5 18. Bf2 Ne5 19. Qg3 Bg4 20. Nxd4 {[%emt 0:02:20] aiming for h3.} f5 21. Ne6 f4 22. Qxg4 Nxg4 23. Nxd8 Rfxd8 24. h4 Ne5 (24... Re8 $16 {was worth a try.} 25. hxg5 Kh7) 25. hxg5 Nxc4 26. Bd4 Rf8 27. Rac1 Rac8 28. Rfe1 (28. Bxa7 b6 29. Rc3 Nxb2 30. Rxc8 Rxc8 31. Bxb6 Na4) 28... Ne3 29. Bxe3 ({White should play} 29. g6) 29... fxe3 $16 30. Rxc8 Rxc8 31. Rxe3 {[%emt 0:00:02][%mdl 4096] Endgame. Strongly threatening Re7. KR-KR} Rc5 (31... Rc2 $16) 32. Re7 $18 Rb5 33. b3 a5 34. Kh2 (34. g6 b6 35. Rb7 Rxd5 $16) 34... Rxd5 35. Rxb7 a4 (35... Rxg5 $142 36. a4 d5) 36. bxa4 Rd4 $2 (36... Ra5 37. Rb4 Rxg5) 37. Ra7 (37. a5 $142 {Threatening mate with a6.} Ra4 38. Ra7) 37... Rd2 (37... Rd3 $142 38. g3 Rd5) 38. Kg3 Rxa2 39. Kf3 d5 40. g3 Ra1 (40... Ra3+ $142 41. Kf4 d4) 41. Kf4 (41. a5 $142 {Black must now prevent Kf4.} Re1 42. a6) 41... d4 (41... Re1 $142 42. Kf5 Rf1+ 43. Kg6 Kf8) 42. Ke4 d3 43. Kxd3 Ra3+ 44. Ke4 Rxg3 45. Kf5 Rc3 46. Kg6 Rc6+ {[%emt 0:00:23] [#]} 47. Kh5 $1 Rd6 48. a5 {[%emt 0:00:00][%cal Ba4a5,Ba5a6][%mdl 32] White wants to mate with a6.} Rc6 49. a6 {[%emt 0:00:00] White mates.} Rd6 50. g6 Rd1 51. Rb7 {[%emt 0:00:00] Weighted Error Value: White=0.45/Black=0.34.  Loses game:     	---       	Black=1      Mistake:       	White=2     	Black=6      Inaccurate:     	White=1     	Black=2      OK:         	White=11    	Black=10     Best:        	White=4     	Black=5} 1-0

[Event "BL 2024-25"]
[Site "Austria"]
[Date "2024.10.11"]
[Round "3.6"]
[White "Gruenwald, Simon"]
[Black "Baidetskyi, Valentin"]
[Result "0-1"]
[Annotator "TA"]
[ECO "B15"]
[WhiteElo "2143"]
[BlackElo "2505"]
[PlyCount "144"]
[EventDate "2024.08.28"]
[EventType "team-tourn"]
[EventCountry "AUT"]
[SourceTitle "playchess.com"]
[Source "ChessBase"]
[SourceQuality "1"]
[WhiteTeam "Frauental"]
[BlackTeam "Pinggau-Friedberg"]
[TimeControl "40/5400+30:1800+30"]

1. e4 c6 2. d4 d5 3. Nc3 dxe4 4. Nxe4 Nf6 5. Nxf6+ exf6 6. c3 Bd6 7. Bd3 O-O 8. Qc2 h6 9. Ne2 Re8 10. O-O {[%emt 0:02:40] The main line 10.0-0 scores better than 10.Be3.} Nd7 {[%emt 0:07:59] B15: Caro-Kann: 3 Nc3: 3...g6 and 3...dxe4 4 Nxe4 Nf6 5 Nxf6+ exf6.} 11. Bf4 Nb6 12. Bxd6 Qxd6 13. Rae1 $146 ({Predecessor:} 13. Ng3 Be6 14. Rfe1 Re7 15. Re2 Rae8 16. Rae1 Qd7 17. h3 Bc4 18. Rxe7 Rxe7 19. Be4 Bd5 20. b3 g6 21. Re2 f5 22. Bd3 Rxe2 23. Qxe2 Be6 24. Qe5 Kh7 25. Ne2 {½-½ Orschiedt,O (2102)-Wittal,W (1888) DESC E7Kl017 corr 2001}) 13... Be6 14. Ng3 Nd7 15. Re3 c5 16. Ne4 Qb6 17. dxc5 Nxc5 18. Nxc5 Qxc5 19. Qa4 Red8 20. Rfe1 Rd5 21. Qb4 (21. Bc4 {keeps more tension.} b5 22. Bxd5 bxa4 23. Bxa8 Bxa2 24. Ra1) 21... Qxb4 22. cxb4 Rd4 23. a3 Rad8 24. Bf1 (24. Bc2 $11) 24... Rd2 $17 25. R3e2 {[%emt 0:00:00] [#]} Rxe2 $1 26. Rxe2 ({White should play} 26. Bxe2 Rd2 27. Bf3) 26... Rd1 $17 27. f4 {[%emt 0:00:00] [#]} Bc4 $1 28. Rf2 Rb1 29. g3 (29. f5 $17 {was necessary.}) 29... h5 (29... Kh7 $19 {Strongly threatening ...Kg6.} 30. Kg2 Bxf1+ 31. Rxf1 Rxb2+ 32. Kh1 Rb3) 30. Kg2 $1 $15 Bxf1+ 31. Rxf1 Rxb2+ 32. Rf2 Rb1 33. Rc2 g6 34. Rc7 Rb2+ 35. Kg1 Rb3 36. Rxb7 Rxa3 37. b5 Kg7 38. b6 axb6 39. Rxb6 g5 40. fxg5 fxg5 41. Rb2 Kg6 42. Kg2 Ra4 43. Rc2 h4 44. Rb2 f6 45. gxh4 Rxh4 46. Kg3 Re4 47. Rb3 f5 48. Rb6+ Kh5 49. Rb8 (49. Kf3 $17 {was worth a try.}) 49... Re3+ 50. Kg2 Kg4 51. Rb2 Ra3 52. Rc2 f4 53. Rb2 $2 (53. Rc4) 53... Kh4 $2 (53... f3+ 54. Kf2 Kh3) 54. Rc2 $2 (54. Rb4) 54... Re3 $2 (54... f3+ 55. Kg1 Kh3) 55. Rf2 $2 (55. Rb2) 55... Re5 $2 (55... Rb3 56. Rd2 f3+ 57. Kf1 Kh3) 56. Ra2 g4 (56... Rb5 $19 57. Ra6 Rb2+ 58. Kg1 Kg4) 57. Ra8 $17 Re2+ 58. Kg1 f3 (58... Kg5 $17 {And now ...Kf5 would win.} 59. Rf8 Rc2) 59. Rg8 $11 Ra2 60. Rg7 Ra1+ 61. Kf2 Ra2+ (61... Ra5 $11) 62. Kg1 $15 Ra8 ({Much weaker is} 62... Rg2+ 63. Kh1 $11) (62... Ra5 $1 $15) 63. Rg6 ({Better is} 63. Rh7+ $11 Kg5 64. Kf2) 63... Ra1+ 64. Kf2 Rh1 (64... Ra2+ $15 65. Kg1 Rg2+ 66. Kh1 Rc2) 65. Rh6+ $11 Kg5 66. Rh8 Ra1 67. Rg8+ Kf5 68. Rf8+ Ke6 69. h3 Ra2+ 70. Kf1 (70. Kg1 $11) 70... gxh3 71. Rxf3 $2 (71. Kg1 $17) 71... Ra1+ 72. Kf2 h2 0-1

[Event "BL 2024-25"]
[Site "Austria"]
[Date "2024.10.11"]
[Round "3.7"]
[White "Nisipeanu, Liviu-Dieter"]
[Black "Deuer, Marius"]
[Result "1-0"]
[Annotator "TA"]
[ECO "B12"]
[WhiteElo "2584"]
[BlackElo "2477"]
[PlyCount "33"]
[EventDate "2024.08.28"]
[EventType "team-tourn"]
[EventCountry "AUT"]
[SourceTitle "playchess.com"]
[Source "ChessBase"]
[SourceQuality "1"]
[WhiteTeam "Mayrhofen-Zell-Ziller"]
[BlackTeam "Salzburg"]
[TimeControl "40/5400+30:1800+30"]

1. e4 c6 2. d4 d5 3. e5 Bf5 4. h4 h5 5. Bd3 Bxd3 6. Qxd3 Qa5+ 7. c3 {[%emt 0:00:06][%cal Oe5e6] Threatens to win with e6!} e6 8. a4 {[%emt 0:00:48] The position is equal.} Qc7 9. Nf3 c5 10. O-O Nd7 (10... a6 $11 {remains equal.}) 11. c4 $16 Ne7 12. Nc3 {[%emt 0:01:09] Black must now prevent Nb5.} dxc4 13. Qxc4 a6 {[%emt 0:03:34] Prevents Nb5} 14. Bg5 (14. a5 $16) 14... Rc8 ({Black should try} 14... Nc6 $14) 15. Rac1 {[%emt 0:01:54] Hoping for Rfd1. White is much more active.} cxd4 $2 (15... Nc6 $16) 16. Qxc7 ({Not} 16. Qxd4 Nc6 17. Qe3 Bc5 $16) 16... Rxc7 {[%emt 0:00:08] [#]} 17. Nb5 $1 {[%emt 0:00:03][%mdl 512] Weighted Error Value: White=0.18 (very precise) /Black=0.68.  Loses game:     	---       	Black=1      Mistake:       	White=1     	Black=2      OK:         	White=4     	Black=2      Brilliant:      	White=1     	---} 1-0

[Event "BL 2024-25"]
[Site "Austria"]
[Date "2024.10.11"]
[Round "3.8"]
[White "Rosner, Jonas"]
[Black "Vogel, Roven"]
[Result "1-0"]
[Annotator "TA"]
[ECO "E07"]
[WhiteElo "2434"]
[BlackElo "2559"]
[PlyCount "91"]
[EventDate "2024.08.28"]
[EventType "team-tourn"]
[EventCountry "AUT"]
[SourceTitle "playchess.com"]
[Source "ChessBase"]
[SourceQuality "1"]
[WhiteTeam "Salzburg"]
[BlackTeam "Mayrhofen-Zell-Ziller"]
[TimeControl "40/5400+30:1800+30"]

1. d4 Nf6 2. c4 e6 3. g3 d5 4. Nf3 Be7 5. Bg2 O-O 6. O-O c6 7. b3 b6 8. Bb2 Nbd7 9. Qd3 a5 10. a4 Ba6 11. Nbd2 {[%emt 0:01:22] The position is equal.} c5 12. Rfd1 Rc8 13. Rac1 cxd4 14. Nxd4 Bc5 15. e3 Qe7 16. Qb1 Bb7 17. Qa1 Rfd8 18. Nb5 Bb4 19. cxd5 exd5 20. Nf3 Ne8 21. Nfd4 Rxc1 22. Rxc1 Nc5 23. Rd1 {[%emt 0:04:16] Wards off Nd3} f6 (23... g6 $14) 24. Qb1 $16 Ne6 25. h4 Nxd4 26. Bxd4 Bc5 27. Qf5 Qf7 (27... g6 $16 28. Qd3 g5) 28. Nc3 (28. Bxc5 $18 bxc5 29. Qc2) 28... Nc7 29. Kh2 Bc8 (29... Qg6 $14 30. Qf3 Qc2) 30. Qc2 {[%emt 0:00:00] White is much more active.} f5 $2 {[%emt 0:03:01] [#] Black cannot hold the game after this.} (30... Bg4 $16) 31. Bxc5 $18 bxc5 32. Ne2 Na6 33. Qc3 Bb7 34. Qxa5 Qe7 (34... Qc7 $142 35. Qxc7 Nxc7) 35. Nf4 Nb4 36. Qb6 Ba8 37. Rc1 d4 38. Ne6 Re8 39. Bxa8 (39. Nxc5 Nd5 40. Qa6 (40. Bxd5+ Bxd5 41. Re1 Rc8 $18) 40... dxe3 $18) (39. Qxc5 Bxg2 40. Qxe7 Rxe7 $18) 39... Rxa8 $2 {[%emt 0:00:18] [#]} (39... Qxe6 40. Qxe6+ (40. Qxc5 Rxa8 41. Qxb4 dxe3 $18) 40... Rxe6 41. exd4 (41. Rxc5 dxe3 42. fxe3 Rxe3 $18) 41... cxd4) 40. Nxc5 Nd5 41. Qc6 Rd8 42. exd4 Kf7 43. Nd3 Qe2 44. Ne5+ {[%emt 0:00:29] White mates.} Kf8 45. Qe6 Qxf2+ 46. Kh1 {[%emt 0:00:14] Weighted Error Value: White=0.24 (precise) /Black=0.57.  Loses game:     	---       	Black=1      Mistake:       	White=1     	Black=5      Inaccurate:     	White=4     	Black=3      OK:         	White=16    	Black=7      Best:        	White=1     	---} 1-0